Map: Abyssal Reef LE

Players

Dessa

  • Race: Zerg Zerg
  • League: Diamond
  • Spawn Location: 5:00

ViolentVik - Winner!

  • Race: Protoss Protoss
  • League: Diamond
  • Spawn Location: 11:00

VOD

Have the link to the VOD?

Description

Time

  • Played on: Dec. 12, 2017, 2:11 p.m.
  • Length: 9:50
Show
View Real Time Build Order
Export as new Build Order

Dessa Zerg 

Build Orders: Pool First 

Get SALT Encoding   

  12  0:00  Drone  
  13  0:13  Overlord  
  13  0:17  Drone  
  14  0:31  Drone  
  14  0:32  Drone  
  16  0:45  Spawning Pool  
  16  0:47  Drone  
  16  1:22  Drone  
  17  1:26  Hatchery  
  17  1:29  Drone  
  17  1:45  Hatchery  
  16  1:49  Zergling x2  
  16  1:53  Drone  
  18  2:03  Queen  
  18  2:08  Extractor  
  19  2:11  Drone  
  20  2:28  Overlord  
  20  2:32  Drone  
  21  2:38  Drone  
  21  2:40  Drone  
  21  2:41  Queen  
  25  2:58  Drone x4  
  27  3:02  Queen  
  31  3:08  Metabolic Boost  
  31  3:12  Drone  
  32  3:19  Overlord  
  32  3:27  Overlord  
  32  3:31  Drone x2  
  34  3:39  Drone x3  
  37  3:45  Overlord  
  37  3:47  Overlord  
  37  3:49  Drone  
  37  3:51  Drone  
  37  3:54  Drone  
  40  4:00  Drone x2  
  40  4:01  Drone  
  43  4:15  Drone x4  
  47  4:20  Drone x2, Extractor, Roach Warren  
  47  4:22  Drone, Extractor  
  47  4:24  Zergling x2  
  47  4:26  Zergling x2  
  47  4:27  Zergling x2  
  50  4:34  Spore Crawler  
  50  4:37  Spore Crawler  
  48  4:38  Lair  
  48  4:44  Spore Crawler  
  47  4:53  Drone x3  
  47  4:54  Drone x3, Overlord  
  53  5:10  Evolution Chamber  
  53  5:11  Drone x3  
  53  5:12  Evolution Chamber  
  53  5:13  Drone  
  55  5:15  Drone  
  55  5:16  Extractor  
  55  5:22  Drone x4, Overlord  
  55  5:26  Drone x3  
  55  5:27  Zergling x6  
  65  5:32  Drone  
  65  5:33  Overlord  
  66  5:36  Zerg Missile Weapons Level 1  
  66  5:43  Zerg Ground Armor Level 1  
  70  5:50  Roach x4  
  74  6:24  Roach x3  
  78  6:32  Roach x4  
  75  6:54  Drone x3  
  75  6:58  Roach x2  
  81  7:05  Glial Reconstitution  
  81  7:13  Overlord x3  
  81  7:17  Extractor  
  80  7:30  Drone, Queen  
  80  7:31  Extractor  
  80  7:37  Overseer  
  70  8:20  Hatchery  
  69  8:30  Drone x2  
  69  8:31  Drone x3  
  74  8:50  Hatchery  
  58  9:10  Roach x10  
  74  9:30  Roach x4  
Show
View Real Time Build Order
Export as new Build Order

ViolentVik Protoss - Winner!

Build Orders: 1 Gate Expand 

Get SALT Encoding   

  12  0:02  Probe  
  13  0:14  Probe  
  14  0:21  Pylon  
  14  0:27  Probe  
  15  0:39  Probe (Chrono Boost)  
  16  0:47  Gateway  
  17  0:51  Probe (Chrono Boost)  
  17  0:57  Assimilator  
  17  1:03  Probe  
  18  1:14  Pylon  
  18  1:15  Probe  
  19  1:28  Nexus  
  19  1:40  Gateway  
  19  1:50  Cybernetics Core  
  19  1:58  Pylon  
  19  2:04  Zealot (Chrono Boost)  
  21  2:10  Assimilator  
  21  2:13  Probe  
  22  2:27  Sentry  
  24  2:32  Warp Gate  
  24  2:33  Probe (Chrono Boost)  
  25  2:41  Stalker  
  28  2:45  Probe (Chrono Boost)  
  28  2:48  Probe x2 (Chrono Boost)  
  30  2:59  Probe  
  30  3:00  Probe  
  30  3:05  Pylon  
  32  3:11  Sentry  
  34  3:18  Probe x2 (Chrono Boost)  
  38  3:27  Robotics Facility  
  38  3:29  Probe x2 (Chrono Boost)  
  38  3:32  Probe x2  
  40  3:44  Probe x2  
  42  3:49  Assimilator  
  42  3:51  Assimilator  
  42  3:56  Probe x2  
  44  4:08  Probe x2  
  46  4:13  Warp Prism  
  48  4:20  Probe x2, Gateway  
  48  4:22  Gateway  
  48  4:24  Gateway  
  50  4:27  Twilight Council  
  50  4:29  Pylon  
  50  4:34  Probe x2  
  52  4:46  Probe x2  
  52  4:52  Robotics Bay  
  54  4:55  Observer  
  55  5:01  Sentry x2  
  59  5:17  Observer (Chrono Boost)  
  59  5:20  Dark Shrine  
  61  5:37  Observer (Chrono Boost)  
  61  5:43  Pylon  
  61  5:44  Pylon  
  61  5:46  Pylon  
  61  5:48  Pylon  
  61  5:49  Pylon  
  61  6:13  Zealot x3  
  61  6:14  Zealot x2  
  67  6:35  Dark Templar x4  
  67  6:37  Sentry  
  65  6:46  Colossus (Chrono Boost)  
  63  6:49  Dark Templar x2  
  63  6:50  Dark Templar x3  
  75  7:01  Extended Thermal Lance  
  75  7:03  Charge  
  75  7:14  Gateway  
  75  7:15  Gateway  
  75  7:18  Gateway  
  75  7:19  Gateway  
  75  7:21  Gateway  
  75  7:22  Pylon  
  75  7:24  Pylon  
  75  7:25  Pylon  
  75  7:26  Pylon  
  73  8:02  Colossus (Chrono Boost)  
  73  8:11  Forge  
  71  8:14  Forge  
  71  8:22  Dark Templar x5  
  81  8:27  Archon x2  
  81  8:29  Nexus  
  81  8:32  Pylon  
  81  8:33  Pylon  
  81  8:37  Pylon  
  81  8:39  Zealot x2  
  81  8:40  Zealot x3, Pylon  
  97  8:43  Assimilator  
  97  8:45  Colossus (Chrono Boost)  
  90  8:55  Zealot  
  90  8:56  Zealot x4  
  96  9:27  Nexus  
  96  9:29  Pylon  
  96  9:37  Dark Templar x4  
Tags
 
Add a new tag
Caveats
  • Supply blocks, unpowered buildings, or Contaminate may cause inaccurate times.
  • Supply counts are checked every 10 seconds.